 Dungeon Crawl Stone Soup version 0.30-a0-847-g17996783a1 (webtiles) character file.

Game seed: 6677292136390926103

3470 cforsyth the Covert (level 10, -5/64 HPs)
             Began as a Kobold Brigand on Mar 3, 2023.
             Was an Initiate of Hepliaklqana.
             Slain by an orc warrior
             ... wielding a +0 halberd
              (13 damage)
             ... in a bailey.
             The game lasted 00:10:01 (7265 turns).

cforsyth the Covert (Kobold Brigand)                Turns: 7265, Time: 00:10:01

Health: -5/64      AC:  9    Str: 12    XL:     10   Next: 27%
Magic:  10/10      EV: 18    Int: 12    God:    Hepliaklqana [......]
Gold:   438        SH:  5    Dex: 21    Spells: 9/9 levels left

rFire   . . .      SeeInvis .    w - +8 arc blade {discharge, rElec}
rCold   + . .      Faith    .    (no shield)
rNeg    . . .      Spirit   .    E - +0 swamp dragon scales
rPois   +          Reflect  +    (no helmet)
rElec   +          Rampage  .    c - +0 cloak
rCorr   .                        n - +0 pair of gloves
Will    .....                    (no boots)
Stlth   ++++++                   f - amulet "Oskashrest" {Reflect Str+3 Slay+4 SH+5}
HPRegen 0.30/turn                r - ring of protection from cold
MPRegen 0.12/turn                (no ring)

@: brilliant
A: small, no large weapons, nightstalker 3
a: Renounce Religion


You were in a bailey.
You worshipped Hepliaklqana.
Hepliaklqana was noncommittal.
You visited 2 branches of the dungeon, and saw 9 of its levels.
You also visited: Sewer and Bailey.

You collected 438 gold pieces.

Inventory:

Hand Weapons
 a - a +2 dagger
 w - the +8 arc blade (weapon) {discharge, rElec}
   (You acquired it on level 5 of the Dungeon)

   rElec:     It insulates you from electricity.
Missiles
 d - 46 poisoned darts (quivered)
 e - 5 curare-tipped darts
 A - 2 throwing nets
Armour
 b - a +0 robe
 c - a +0 cloak (worn)
 n - a +0 pair of gloves (worn)
 E - +0 swamp dragon scales (worn)
Jewellery
 f - the amulet "Oskashrest" (around neck) {Reflect Str+3 Slay+4 SH+5}
   (You acquired it on level 5 of the Dungeon)

   [amulet of reflection]

   It reflects blocked missile attacks.
   Str:       It affects your strength (+3).
   Slay:      It affects your accuracy & damage with ranged weapons and melee
   (+4).
   SH:        It affects your SH (+5).
 o - an amulet of reflection
 r - a ring of protection from cold (left hand)
 y - a ring of see invisible
Wands
 q - a wand of paralysis (7)
 B - a wand of flame (28)
 F - a wand of roots (10)
Scrolls
 h - 9 scrolls of identify {unknown}
 j - 3 scrolls of brand weapon {unknown}
 l - 4 scrolls of teleportation {unknown}
 t - a scroll of enchant armour {unknown}
 x - a scroll of fog {unknown}
 D - a scroll of enchant weapon {unknown}
Potions
 g - 2 potions of curing
 i - a potion of degeneration {unknown}
 k - a potion of berserk rage {unknown}
 m - a potion of heal wounds {unknown}
 p - a potion of haste
 s - 2 potions of mutation {unknown}
 u - a potion of magic {unknown}
 v - a potion of cancellation {unknown}
 z - 2 potions of might {unknown}
 C - a potion of brilliance


   Skills:
 + Level 8.0 Fighting
 + Level 9.5 Short Blades
 - Level 2.1 Throwing
 + Level 8.4 Dodging
 + Level 11.3 Stealth


You had 9 spell levels left.
You didn't know any spells.
Your spell library contained the following spells:

 Spells                   Type           Power      Damage    Failure   Level
 Magic Dart               Conj           0%         1d3       58%         1
 Sandblast                Erth           0%         2d4       58%         1
 Call Imp                 Summ           0%         N/A       75%         2
 Passwall                 Tmut/Erth      0%         N/A       75%         2
 Dazzling Flash           Conj/Hex       0%         N/A       92%         3
 Frozen Ramparts          Ice            0%         1d1       92%         3
 Mephitic Cloud           Conj/Pois/Air  0%         N/A       92%         3
 Stone Arrow              Conj/Erth      0%         3d7       92%         3
 Ice Form                 Ice/Tmut       0%         N/A       100%        4
 Iskenderun's Mystic Bla  Conj/Tloc      0%         2d3       100%        4
 Summon Ice Beast         Ice/Summ       0%         N/A       100%        4
 Starburst                Conj/Fire      0%         6d3       100%        6


Dungeon Overview and Level Annotations

Branches:
Dungeon (8/15)             Temple (1/1) D:7            Lair (0/5) D:8
  Sewer (visited)          Bailey (1/1)

Altars:
Ashenzari
Cheibriados
Dithmenos
Elyvilon
Fedhas
Gozag
Hepliaklqana
Kikubaaqudgha
Makhleb
Nemelex Xobeh
Okawaru
Qazlal
Ru
Sif Muna
Trog
Uskayaw
Vehumet
Wu Jian
Xom
Yredelemnul
Zin
The Shining One

Shops:
D:1 (

Portals:
Abyss: D:4

Annotations:
D:3 2 runed translucent doors
D:4 2 runed translucent doors


Innate Abilities, Weirdness & Mutations

You are small and have problems with some larger weapons.
You are completely attuned to the shadows.


Message History

The orc closely misses you.
The orc warrior hits you from afar with a +0 halberd!
* * * LOW HITPOINT WARNING * * *
Your Fighting skill increases to level 8!
Unknown command.
There is an open door here.
There is an open door here.
Things that are here:
a +0 halberd; an orc corpse
Things that are here:
a +0 trident; an orc corpse
Things that are here:
a +0 halberd; a +0 chain mail It was a potion of brilliance.
You feel clever all of a sudden.
The orc warrior hits you but does no damage.
It was a potion of curing.
You feel better. The orc warrior barely misses you.
The orc warrior hits you with a +0 halberd!
* * * LOW HITPOINT WARNING * * *
Things that are here:
a +0 halberd; a +0 chain mail You hit the orc warrior.
The orc warrior is lightly wounded.
The orc warrior hits you with a +0 halberd.
* * * LOW HITPOINT WARNING * * *
You completely miss the orc warrior.
The orc warrior is lightly wounded.
You barely miss the orc warrior.
The orc warrior is lightly wounded.
The orc warrior hits you with a +0 halberd.
* * * LOW HITPOINT WARNING * * *
You puncture the orc warrior!
The orc warrior is moderately wounded.
The orc warrior closely misses you.
You puncture the orc warrior!
The orc warrior is almost dead.
You hit the orc warrior.
The orc warrior is almost dead.
The orc warrior hits you with a +0 halberd!
You die...

#### ############ #.....##
##).......∩.##
.......######.)...#......#
...##..#....#.)..###.....#
.)))8..'....'.)o@.8.....∩#
.).##..#....#....###.....#
)).....######.....#......#
#...o.## ##........∩.##
####### ############


You could see an orc warrior.

Vanquished Creatures
  A two-headed ogre (D:8)
  Pikel (D:5)
  Sigmund (D:5)
  Eustachio (D:5)
  Menkaure (D:6)
  A water moccasin (D:7)
  A black bear (D:6)
  An ice beast (D:7)
  3 orc warriors (Bailey)
  A centaur (D:7)
  A lemure (D:4)
  2 phantoms
  2 kobold brigands
  3 scorpions
  9 killer bees
  3 hounds
  2 sleepcaps
  Natasha (D:3)
  2 orc wizards (D:5)
  3 iguanas
  A hell rat (Sewer)
  5 adders
  A river rat (Sewer)
  A shadow imp (D:7)
  A white imp (D:7)
  An ufetubus (D:5)
  2 worms
  5 dart slugs
  25 orcs
  4 ball pythons
  3 endoplasms
  4 giant cockroaches
  2 goblins
  7 hobgoblins
  3 jackals (D:2)
  15 kobolds
  9 quokkas
  5 bats
  12 rats
146 creatures vanquished.

Notes
Turn   | Place    | Note
-------+----------+-------------------------------------------
     0 | D:1      | cforsyth the Kobold Brigand began the quest for the Orb.
     0 | D:1      | Reached XP level 1. HP: 12/12 MP: 1/1
   155 | D:1      | Reached XP level 2. HP: 18/18 MP: 2/2
   317 | D:1      | Reached XP level 3. HP: 22/22 MP: 3/3
   537 | D:1      | Found Anamestu's Antique Weapon Emporium.
  1887 | D:3      | Reached XP level 4. HP: 27/27 MP: 4/4
  2047 | D:3      | Reached skill level 6 in Stealth
  2148 | D:3      | Noticed Natasha
  2152 | D:3      | Killed Natasha
  2172 | D:3      | Found a runed translucent door.
  2257 | D:3      | Found a runed translucent door.
  2697 | D:4      | Noticed a phantom
  2733 | D:4      | Killed a phantom
  2734 | D:4      | Reached XP level 5. HP: 10/32 MP: 5/5
  2872 | D:4      | Found a large runed translucent door.
  2874 | D:4      | Found a large runed translucent door.
  3010 | D:4      | Reached XP level 6. HP: 38/38 MP: 6/6
  3218 | D:4      | Found a one-way gate to the infinite horrors of the Abyss.
  3613 | D:5      | Entered Level 5 of the Dungeon
  3614 | D:5      | Identified 2 scrolls of acquirement
  3614 | D:5      | Acquired the +8 arc blade {discharge, rElec}
  3614 | D:5      | Found the +8 arc blade {discharge, rElec}
  3623 | D:5      | Reached skill level 7 in Stealth
  3623 | D:5      | Acquired the amulet "Oskashrest" {Reflect Str+3 Slay+4
                  | SH+5}
  3690 | D:5      | Noticed Pikel
  3862 | D:5      | Reached skill level 5 in Short Blades
  3903 | D:5      | Found a glowing drain.
  3909 | Sewer    | Entered a sewer
  3958 | Sewer    | Reached XP level 7. HP: 38/43 MP: 7/7
  4137 | D:5      | Noticed Sigmund
  4141 | D:5      | Killed Sigmund
  4306 | D:5      | Reached skill level 5 in Fighting
  4306 | D:5      | Reached skill level 8 in Stealth
  4306 | D:5      | Reached XP level 8. HP: 36/49 MP: 8/8
  4306 | D:5      | Killed Pikel
  4307 | D:5      | Reached skill level 5 in Dodging
  4341 | D:5      | Noticed Eustachio
  4350 | D:5      | Killed Eustachio
  4351 | D:5      | Reached skill level 9 in Stealth
  4388 | D:5      | Reached XP level 9. HP: 55/55 MP: 9/9
  5487 | D:6      | Noticed Menkaure
  5490 | D:6      | Killed Menkaure
  5767 | D:7      | Found a radiant altar of Vehumet.
  5786 | D:7      | Found a basalt altar of Yredelemnul.
  6006 | D:7      | Reached skill level 10 in Stealth
  6324 | D:7      | Found a staircase to the Ecumenical Temple.
  6331 | Temple   | Entered the Ecumenical Temple
  6611 | Temple   | Became a worshipper of Hepliaklqana the Forgotten
  6994 | D:8      | Found a flagged portal.
  6995 | D:8      | Noticed a two-headed ogre
  7001 | D:8      | Killed a two-headed ogre
  7002 | D:8      | Reached skill level 11 in Stealth
  7002 | D:8      | Reached XP level 10. HP: 36/64 MP: 10/10
  7059 | Bailey   | Entered a bailey
  7265 | Bailey   | Slain by an orc warrior

Illustrated notes

Levels and vault maps discovered:
D:1:      minmay_arrival_checkered_box, layout_basic, serial_shops,
          nicolae_shop_statue_plus
D:2:      layout_loops_corners
D:3:      layout_loops_ring, ebering_ghost_sewer_f, uniq_natasha
D:4:      due_chaos_kobolds, layout_gridville
D:5:      layout_rooms, portal_sewer_entry_f, uniq_sigmund, uniq_eustachio,
          uniq_pikel
D:6:      layout_basic, uniq_menkaure
D:7:      layout_loops_ring, mainiacjoe_overflow_catwalk_spiral,
          minmay_temple_entry_poolview
D:8:      layout_basic, grunt_lair_entry_orc_guard_hut, enter_bailey_6
Temple:   mainiacjoe_temple_big_plus
Bailey:   bailey_polearm_5, bailey

Skill      XL: |  1  2  3  4  5  6  7  8  9 10 |
---------------+-------------------------------+-----
Short Blades   | 3 4 5 6 7 9 |  9.5
Dodging        | 2 3 4 6 8 |  8.4
Stealth        | 6 7 8 9 11 | 11.3
Fighting       | 3 4 5 6 7 8 |  8.0
Throwing       | |  2.1

Action                     |  1- 3 |  4- 6 |  7- 9 | 10-12 || total
---------------------------+-------+-------+-------+-------++-------
  Melee: Dagger            |    92 |    60 |       |       ||   152
         Punch             |       |     1 |     1 |       ||     2
         Rapier            |       |    43 |   100 |    28 ||   171
    Use: Potion            |       |     1 |       |     2 ||     3
         Scroll            |       |     7 |     1 |       ||     8
   Stab: Sleeping          |    15 |    11 |    16 |       ||    42
         Distracted        |     1 |       |     2 |       ||     3
 Armour: Robe              |    13 |     7 |     3 |       ||    23
         Swamp dragon scal |       |       |     9 |     4 ||    13
  Dodge: Dodged            |    52 |    59 |    63 |    36 ||   210
  Block: Other             |       |     5 |    19 |    10 ||    34
         Reflection        |       |       |     5 |     1 ||     6

Table legend: (Time is in decaauts)
 A = Elapsed time spent in this place.
 B = Non-inter-level travel time spent in this place.
 C = Inter-level travel time spent in this place.
 D = Time resting spent in this place.
 E = Time spent auto-exploring this place.
 F = Levels seen in this place.
 G = Mean time per level.
                   A        B        C        D        E       F      G
               +--------+--------+--------+--------+--------+-----+--------+
         Total |   7206 |   7027 |    179 |     59 |   5855 |  11 |  655.1 |
       Dungeon |   6375 |   6218 |    157 |     59 |   5175 |   8 |  796.9 |
        Temple |    509 |    487 |     22 |      0 |    470 |   1 |  509.0 |
         Sewer |    121 |    121 |      0 |      0 |     54 |   1 |  121.0 |
        Bailey |    199 |    199 |      0 |      0 |    155 |   1 |  199.0 |
               +--------+--------+--------+--------+--------+-----+--------+

Top non-repeatable levels by time:
     D:4: 1154 daAuts
     D:2: 1004 daAuts
     D:6: 974 daAuts
     D:1: 863 daAuts
     D:7: 831 daAuts
     D:5: 700 daAuts
     D:3: 690 daAuts
  Temple: 509 daAuts
  Bailey: 199 daAuts
     D:8: 155 daAuts
   Sewer: 121 daAuts
